 Dungeon Crawl Stone Soup version 0.24.0-123-gd5b16e6ec5 (webtiles) character file.

Game seed: 6835571795841619092, levelgen mode: deterministic

346 FishyPogo the Skirmisher (level 6, -4/56 HPs)
             Began as a Demonspawn Chaos Knight on Jan 12, 2020.
             Was a Plaything of Xom.
             Killed from afar by an orc wizard (9 damage)
             ... with a magic dart
             ... on level 4 of the Dungeon.
             The game lasted 00:17:04 (3367 turns).

FishyPogo the Skirmisher (Demonspawn Chaos Knight)  Turns: 3367, Time: 00:17:07

Health: -4/56      AC:  7    Str: 17    XL:     6   Next: 32%
Magic:  6/6        EV: 12    Int: 13    God:    Xom [*.....]
Gold:   135        SH:  0    Dex: 12    Spells: 5/5 levels left

rFire    + . .     SeeInvis .     - Unarmed
rCold    + + .     Gourm    .   (no shield)
rNeg     . . .     Faith    .   a - +1 leather armour {rF+}
rPois    .         Spirit   .   (no helmet)
rElec    .         Reflect  .   w - +0 cloak
rCorr    .         Harm     .   (no gloves)
MR       .....                  (no boots)
Stlth    ++........             (no amulet)
HPRegen  0.58/turn              e - ring of attention (curse)
MPRegen  0.10/turn              q - ring of protection from cold

@: lethally poisoned (-4 -> -30)
A: slimy green scales 1, cold resistance 1, nightstalker 1, regeneration 1,
robust 1, strong 1
a: Renounce Religion


You were on level 4 of the Dungeon.
You worshipped Xom.
You were a special plaything of Xom.
You were not hungry.

You visited 1 branch of the dungeon, and saw 4 of its levels.

You collected 135 gold pieces.

Inventory:

Missiles
 d - 102 stones (quivered)
 g - 45 poisoned darts
Armour
 a - a +1 leather armour of fire resistance (worn)
 w - a +0 cloak (worn)
Jewellery
 e - a cursed ring of attention (left hand)
 q - a ring of protection from cold (right hand)
Wands
 y - a wand of digging (4)
Scrolls
 c - 3 scrolls of identify {unknown}
 i - 2 scrolls of enchant armour {unknown}
 j - a scroll of blinking {unknown}
 n - a scroll of enchant weapon {unknown}
 o - 2 scrolls of teleportation {unknown}
 p - 3 scrolls of amnesia {unknown}
 r - a scroll of fog {unknown}
 s - a scroll of remove curse {unknown}
 t - a scroll of fear {unknown}
 u - 3 scrolls of immolation {unknown}
Potions
 f - 3 potions of heal wounds
 h - a potion of might {unknown}
 l - a potion of flight {unknown}
 m - 2 potions of haste
 v - a potion of magic {unknown}
 x - a potion of curing
Comestibles
 b - 11 rations


   Skills:
 * Level 5.0 Fighting
 + Level 2.7 Armour
 + Level 2.4 Dodging
 + Level 2.0 Stealth
 + Level 3.6 Unarmed Combat


You had 5 spell levels left.
You didn't know any spells.
Your spell library was empty.

Dungeon Overview and Level Annotations

Branches:
Dungeon (4/15)
 Temple: D:4-7

Altars:
Makhleb
Ru
Zin

Shops:
D:4 [

Annotations:
D:3 1 runed translucent door
D:4 2 runed translucent doors, kuniqs's ghost, amateur DEWz


Innate Abilities, Weirdness & Mutations

You are partially covered in slimy green scales. (AC +2)
You are slightly more attuned to the shadows.
Your flesh is cold resistant. (rC+)
Your natural rate of healing is unusually fast.
You are robust. (+10% HP)
Your muscles are strong. (Str +2)


Message History

You closely miss something.
You feel very sick. Something hits you.
* * * LOW HITPOINT WARNING * * *
You are more poisoned.
You hit something.
* * * LOW HITPOINT WARNING * * *
You feel very sick. Something hits you but does no damage.
You closely miss something. Your punch misses something.
* * * LOW HITPOINT WARNING * * *
You feel very sick. Something completely misses you.
You closely miss something.
* * * LOW HITPOINT WARNING * * *
You feel very sick.
You hear some strange, mumbled words.
A magic dart appears from out of thin air!
The magic dart hits you!
You die...

###.# .... ... . #.. ###. ####..
....#### #.........)### #.......#
♣ #.##.......oo# #......<# #
#.##..###..#{# #.......# #
#.##..# #.##@########........ #
#.##..# #.##.......##.......#
#####.##..###.########.##.......#
..........)...#.................#
..............#.###..........#>##
######.#..##..............#..#.#
#......<...###)##.####.##.# #
###.....#### #.##.# #.##.## ###
#.....#....# #)##.# #.##.#.


You could see an orc priest and an orc.

Vanquished Creatures
  A scorpion (D:4)
  A howler monkey (D:4)
  An orc wizard (D:4)
  A centaur skeleton (D:3)
  6 adders
  3 oozes
  2 worms
  5 dart slugs
  A leopard gecko (D:2)
  7 orcs
  7 giant cockroaches
  14 hobgoblins
  27 jackals
  4 ball pythons
  9 bats
  8 frilled lizards
  6 goblins
  9 kobolds
  8 rats
120 creatures vanquished.

Notes
Turn   | Place    | Note
-------+----------+-------------------------------------------
     0 | D:1      | FishyPogo the Demonspawn Chaos Knight began the quest for
                  | the Orb.
     0 | D:1      | Reached XP level 1. HP: 18/18 MP: 1/1
    20 | D:1      | Reached skill level 1 in Dodging
   143 | D:1      | Gained mutation: You are slightly more attuned to the
                  | shadows. [demonic ancestry]
   143 | D:1      | Reached XP level 2. HP: 23/24 MP: 2/2
   295 | D:1      | XOM: silly message
   327 | D:1      | Reached XP level 3. HP: 17/29 MP: 3/3
   485 | D:1      | XOM: divination: detect items
   685 | D:2      | XOM: harmless Erth miscast
   816 | D:2      | Reached skill level 1 in Stealth
   816 | D:2      | Reached XP level 4. HP: 32/37 MP: 4/4
   939 | D:2      | Reached skill level 4 in Fighting
  1626 | D:2      | XOM: give mutations
  1626 | D:2      | Gained mutation: Your muscles are strong. (Str +2) [Xom's
                  | grace]
  1626 | D:2      | Gained mutation: You are robust. (+10% HP) [Xom's grace]
  1626 | D:2      | Gained mutation: Your flesh is cold resistant. (rC+) [Xom's
                  | grace]
  1626 | D:2      | Gained mutation: Your natural rate of healing is unusually
                  | fast. [Xom's grace]
  1760 | D:3      | XOM: smoke on damage
  1796 | D:3      | XOM: 5-stop teleportation journey
  1806 | D:3      | Gained mutation: You are partially covered in slimy green
                  | scales. (AC +2) [demonic ancestry]
  1806 | D:3      | Reached XP level 5. HP: 39/46 MP: 5/5
  1864 | D:3      | XOM: stat loss: -1 Dex (11/12)
  2035 | D:3      | XOM: harmless Fire miscast
  2216 | D:3      | Found a sacrificial altar of Ru.
  2233 | D:3      | XOM: enchant monster (good)
  2260 | D:3      | Found a glowing silver altar of Zin.
  2260 | D:3      | Found a runed translucent door.
  2260 | D:3      | Noticed an angel
  2480 | D:3      | Found a burning altar of Makhleb.
  2733 | D:4      | Found Wooluis's Armour Emporium.
  2898 | D:4      | XOM: swap monsters
  2912 | D:4      | Reached XP level 6. HP: 5/55 MP: 6/6
  2912 | D:4      | HP: 4/82 [poisoned by a scorpion]
  2916 | D:4      | HP: 1/55 [poisoned by a scorpion]
  3076 | D:4      | Reached skill level 5 in Fighting
  3088 | D:4      | Found a large runed translucent door.
  3089 | D:4      | Found a large runed translucent door.
  3090 | D:4      | Noticed kuniqs's ghost (amateur DEWz)
  3367 | D:4      | Killed from afar by an orc wizard

Levels and vault maps discovered:
D:1:      scummos_arrival_forest, layout_rooms
D:2:      layout_basic, minmay_increasing_density
D:3:      layout_basic, lemuel_crystal_altar, lemuel_doored_altar,
          lemuel_angel_altar
D:4:      layout_loops_ring, serial_shops, nicolae_shop_waterfront,
          ebering_ghost_disaster_area, first_ration, serial_bayou_lake_a

Skill      XL: |  1  2  3  4  5  6 |
---------------+-------------------+-----
Dodging        | 1 2 |  2.4
Armour         | 2 |  2.7
Unarmed Combat | 3 |  3.6
Stealth        | 1 2 |  2.0
Fighting       | 4 5 |  5.0

Action                   |  1- 3 |  4- 6 || total
-------------------------+-------+-------++-------
Melee: Unarmed           |   187 |   354 ||   541
       Punch             |     2 |     6 ||     8
Throw: Stone             |       |     4 ||     4
  Use: Potion            |     2 |     2 ||     4
 Stab: Sleeping          |     9 |       ||     9
  Eat: Chunk             |       |     9 ||     9
Armor: Leather armour    |    97 |   128 ||   225
Dodge: Dodged            |   149 |   251 ||   400
